 Dungeon Crawl Stone Soup version 0.27-a0-686-gaed091b46b (webtiles) character file.

Game seed: 2154714039943606948

3312 sahdkjhfkaj the Stormcaller (level 10, -13/50 HPs)
             Began as a Tengu Air Elementalist on Mar 20, 2021.
             Was a Believer of Vehumet.
             Mangled by Joseph
             ... wielding a +0 quarterstaff
              (17 damage)
             ... on level 8 of the Dungeon.
             The game lasted 00:09:08 (15122 turns).

sahdkjhfkaj the Stormcaller (TeAE)                 Turns: 15122, Time: 00:09:08

Health: -13/50     AC:  2    Str:  6 (8)  XL:     10   Next: 1%
Magic:  0/14       EV: 14    Int: 19 (20) God:    Vehumet [**....]
Gold:   413        SH:  0    Dex: 13 (14) Spells: 8/13 levels left

rFire    . . .     SeeInvis .   (no weapon)
rCold    . . .     Faith    .   (no shield)
rNeg     . . .     Spirit   .   a - +0 robe
rPois    .         Reflect  .   (helmet restricted)
rElec    .         Harm     .   (no cloak)
rCorr    .         Rampage  .   (no gloves)
Will     .....                  (boots unavailable)
Stlth    ++........             (no amulet)
HPRegen  0.16/turn              (no ring)
MPRegen  0.14/turn              (no ring)

@: flying quickly and evasively, very slightly contaminated, quick
A: beak, talons 3, able to fly
a: Stop Flying, Renounce Religion


You were on level 8 of the Dungeon.
You worshipped Vehumet.
Vehumet was pleased with you.
You visited 2 branches of the dungeon, and saw 9 of its levels.

You collected 413 gold pieces.

Inventory:

Armour
 a - a +0 robe (worn)
Jewellery
 r - a ring of fire
 y - an amulet of regeneration
Wands
 v - a wand of acid (11)
 x - a wand of iceblast (5)
Scrolls
 b - a scroll of vulnerability {unknown}
 c - a scroll of enchant weapon
 h - a scroll of blinking
 j - 3 scrolls of summoning
 k - a scroll of acquirement {unknown}
 l - 2 scrolls of fear {unknown}
 m - 2 scrolls of teleportation {unknown}
 n - 2 scrolls of enchant armour {unknown}
 o - a scroll of torment {unknown}
 s - a scroll of silence {unknown}
 w - a scroll of random uselessness {unknown}
 z - a scroll of identify
Potions
 d - 3 potions of attraction {unknown}
 e - 2 potions of cancellation {unknown}
 f - 2 potions of might {unknown}
 g - a potion of brilliance {unknown}
 i - 2 potions of degeneration
 p - a potion of curing {unknown}
 q - 2 potions of heal wounds {unknown}
 t - a potion of mutation {unknown}
 u - a potion of lignification {unknown}


   Skills:
 - Level 2.1 Dodging
 - Level 2.0 Stealth
 - Level 2.0 Spellcasting
 - Level 1.3 Conjurations
 + Level 16.9 Air Magic


You had 8 spell levels left.
You knew the following spells:

 Your Spells              Type           Power      Damage    Failure   Level
a - Shock                 Conj/Air       100%       1d9       1%          1
x - Airstrike             Air            30%        N/A       1%          4

Your spell library contained the following spells:

 Spells                   Type           Power      Damage    Failure   Level
 Magic Dart               Conj           28%        1d4       10%         1
 Swiftness                Air            60%        N/A       1%          2
 Static Discharge         Conj/Air       36%        N/A       1%          3
 Summon Lightning Spire   Summ/Air       34%        N/A       5%          4
 Lightning Bolt           Conj/Air       18%        1d32      11%         5
 Animate Skeleton         Necr           2%         N/A       17%         1
 Corona                   Hex            1%         N/A       17%         1
 Pain                     Necr           4%         1d4       17%         1
 Summon Small Mammal      Summ           4%         N/A       17%         1
 Call Imp                 Summ           1%         N/A       26%         2
 Ensorcelled Hibernation  Hex/Ice        2%         N/A       26%         2
 Dazzling Flash           Conj/Hex       8%         N/A       36%         3
 Call Canine Familiar     Summ           1%         N/A       45%         3
 Confusing Touch          Hex            1%         N/A       45%         3
 Summon Guardian Golem    Hex/Summ       1%         N/A       45%         3
 Tukima's Dance           Hex            1%         N/A       45%         3
 Vampiric Draining        Necr           0%         2d6       45%         3
 Animate Dead             Necr           0%         N/A       86%         4
 Summon Ice Beast         Ice/Summ       1%         N/A       86%         4
 Agony                    Necr           1%         N/A       99%         5


Dungeon Overview and Level Annotations

Branches:
Dungeon (8/15)             Temple (1/1) D:4
   Lair: D:8-11

Altars:
Ashenzari
Cheibriados
Dithmenos
Elyvilon
Fedhas
Gozag
Hepliaklqana
Kikubaaqudgha
Makhleb
Nemelex Xobeh
Okawaru
Qazlal
Ru
Sif Muna
Trog
Uskayaw
Vehumet
Wu Jian
Xom
Yredelemnul
Zin
The Shining One

Shops:
D:3 (

Annotations:
D:3 1 runed translucent door, 2 transporters, Gunch's ghost, amateur DrWz
D:8 Joseph


Innate Abilities, Weirdness & Mutations

You have a beak for a mouth.
You have claws for feet.
You can fly continuously.


Message History

Confirm with . or Enter, or press ? or * to list all spells.
Aiming: Airstrike (safe; 1% risk of failure)
Press: ? - help, Dir - move target, f/p - Joseph
Aim: Joseph, wielding a +0 quarterstaff, wearing a +0 leather armour and quivering sling bullets (moderately wounded)
The air twists around and strikes Joseph!
Joseph is moderately wounded.
Joseph hits you with a +0 quarterstaff.
Casting: Airstrike (safe; 1% risk of failure)
Confirm with . or Enter, or press ? or * to list all spells.
Aiming: Airstrike (safe; 1% risk of failure)
Press: ? - help, Dir - move target, f/p - Joseph
Aim: Joseph, wielding a +0 quarterstaff, wearing a +0 leather armour and quivering sling bullets (moderately wounded)
The air twists around and strikes Joseph!
Joseph is heavily wounded.
Joseph hits you with a +0 quarterstaff!
Casting: Airstrike (safe; 1% risk of failure)
Confirm with . or Enter, or press ? or * to list all spells.
You don't have enough magic to cast this spell.
Casting: Airstrike (safe; 1% risk of failure)
Confirm with . or Enter, or press ? or * to list all spells.
Aiming: Shock (safe; 1% risk of failure)
Press: ? - help, Shift-Dir - straight line, p - Joseph The zap hits Joseph.
Joseph is heavily wounded.
The zap hits Joseph.
Joseph is severely wounded.
Joseph barely misses you.
Casting: Shock (safe; 1% risk of failure)
Confirm with . or Enter, or press ? or * to list all spells.
Aiming: Shock (safe; 1% risk of failure)
Press: ? - help, Shift-Dir - straight line You miscast Shock.
You are very lightly contaminated with residual magic.
Nothing appears to happen.
Joseph hits you with a +0 quarterstaff!
* * * LOW HITPOINT WARNING * * *
It was a potion of degeneration.
There was something very wrong with that liquid.
You feel weakened.
You feel dopey.
You feel clumsy. Joseph hits you with a +0 quarterstaff!
You die...

############.# #.# #.#
#.# #.# #.# #.# ##.##
#.# #...# #.# #
###...# ######.#
#.##..:... #...##@##
#.........
#....@..########......
#...##................
##.####.##########...#
#.# #.# ##.## #.# #.#
#.). #.####.# ###.
#......# #. #####..#
#. #.## #.


You could see Joseph.

Vanquished Creatures
  Sigmund (D:3)
  A water moccasin (D:5)
  2 orc warriors
  An ice beast (D:8)
  4 ogres
  A black bear (D:6)
  2 centaurs
  2 phantoms
  A kobold brigand (D:7)
  A wyvern zombie (D:8)
  5 bullfrogs
  2 gnoll sergeants
  A wyvern skeleton (D:8)
  2 scorpions (D:5)
  2 killer bees
  4 wights (D:6)
  A howler monkey (D:6)
  A quasit (D:2)
  5 hounds
  2 orc priests (D:6)
  A bullfrog skeleton (D:5)
  A centaur skeleton (D:5)
  Jessica (D:2)
  4 iguanas
  5 worker ants
  5 orc wizards
  A hound zombie (D:7)
  A hound skeleton (D:6)
  Robin (D:3)
  A howler monkey zombie (D:5)
  A worker ant zombie (D:7)
  9 gnolls
  6 adders
  3 shadow imps
  A white imp (D:5)
  An ufetubus (D:7)
  An ooze (D:4)
  An adder zombie (D:6)
  3 worms
  A leopard gecko (D:6)
  19 orcs
  3 ball pythons
  8 giant cockroaches
  8 goblins
  14 hobgoblins
  6 jackals
  2 quokkas
  5 bats
  6 frilled lizards
  2 jackal zombies
  12 kobolds
  3 quokka skeletons
  A quokka zombie (D:7)
  4 rats
182 creatures vanquished.

Notes
Turn   | Place    | Note
-------+----------+-------------------------------------------
     0 | D:1      | sahdkjhfkaj the Tengu Air Elementalist began the quest for
                  | the Orb.
     0 | D:1      | Reached XP level 1. HP: 10/10 MP: 4/4
   205 | D:1      | Reached XP level 2. HP: 15/15 MP: 4/6
   452 | D:1      | Reached skill level 5 in Air Magic
  1023 | D:2      | Found a shadowy altar of Dithmenos.
  1049 | D:2      | Reached XP level 3. HP: 8/19 MP: 0/7
  1333 | D:2      | Reached skill level 6 in Air Magic
  1333 | D:2      | Reached XP level 4. HP: 15/24 MP: 2/8
  1455 | D:2      | Learned a level 4 spell: Airstrike
  1557 | D:2      | Noticed Jessica
  1562 | D:2      | Killed Jessica
  1563 | D:2      | Reached skill level 7 in Air Magic
  2213 | D:3      | Found a glowing golden altar of the Shining One.
  2213 | D:3      | Found a runed translucent door.
  2213 | D:3      | Noticed an angel
  2402 | D:3      | Gained mutation: You can fly continuously. [Tengu growth]
  2402 | D:3      | Reached XP level 5. HP: 28/28 MP: 0/9
  2765 | D:3      | Found a transporter.
  2770 | D:3      | Noticed Gunch's ghost (amateur DrWz)
  2792 | D:3      | Noticed Sigmund
  2804 | D:3      | Killed Sigmund
  2805 | D:3      | Reached skill level 9 in Air Magic
  2805 | D:3      | Reached XP level 6. HP: 21/32 MP: 0/10
  2807 | D:3      | Noticed Robin
  3013 | D:3      | Killed Robin
  3488 | D:3      | Found a transporter.
  3783 | D:3      | Found Janan's Weapon Shoppe.
  4182 | D:4      | Found a staircase to the Ecumenical Temple.
  4207 | Temple   | Entered the Ecumenical Temple
  4502 | Temple   | Became a worshipper of Vehumet
  5094 | D:4      | Reached skill level 10 in Air Magic
  5094 | D:4      | Reached XP level 7. HP: 36/36 MP: 2/11
  5811 | D:5      | Entered Level 5 of the Dungeon
  6113 | D:5      | Reached skill level 11 in Air Magic
  6698 | D:5      | Reached XP level 8. HP: 41/41 MP: 0/12
  7057 | D:5      | Reached skill level 12 in Air Magic
  8126 | D:5      | Reached skill level 13 in Air Magic
  9313 | D:7      | Found a stormy altar of Qazlal.
  9340 | D:7      | Reached skill level 14 in Air Magic
  9606 | D:7      | Reached XP level 9. HP: 45/45 MP: 0/13
  9740 | D:7      | Found a snail-covered altar of Cheibriados.
 10240 | D:7      | Reached * piety under Vehumet
 10240 | D:7      | Offered knowledge of Freeze by Vehumet.
 10740 | D:7      | Found a burning altar of Makhleb.
 10741 | D:7      | Found a hazy altar of Hepliaklqana.
 10743 | D:7      | Found a bloodstained altar of Trog.
 10747 | D:7      | Reached skill level 15 in Air Magic
 10872 | D:7      | Found a basalt altar of Yredelemnul.
 10989 | D:7      | Found a shimmering blue altar of Sif Muna.
 10990 | D:7      | Found a hide-covered altar of Uskayaw.
 12503 | D:6      | Reached skill level 16 in Air Magic
 13346 | D:8      | Offered knowledge of Magic Dart by Vehumet.
 13528 | D:7      | Reached ** piety under Vehumet
 14157 | D:8      | Noticed Joseph
 14158 | D:8      | Reached XP level 10. HP: 50/50 MP: 5/14
 14737 | D:8      | HP: 2/50 [Joseph/sling bullet (1)]
 15122 | D:8      | Mangled by Joseph

Illustrated notes

Levels and vault maps discovered:
D:1:      ncdulo_watergridlock, layout_loops_ring, minmay_pentomino_z2
D:2:      layout_rooms, grunt_dithmenos_smoke_and_mirrors, uniq_jessica
D:3:      layout_basic, gammafunk_ghost_stat_death, serial_shops, shop_coins,
          minmay_misc_feat_pillars, lemuel_angel_altar, uniq_robin, uniq_sigmund
D:4:      layout_basic, minmay_temple_entry_water_ring, hex_tiny,
          corexii_hall_statues_i
D:5:      layout_basic
D:6:      layout_basic
D:7:      layout_basic, nicolae_overflow_crystal_walls,
          grunt_temple_overflow_open, nicolae_qazlal_general_emergency
D:8:      layout_loops_ring, uniq_joseph
Temple:   minmay_temple_curvy_branch

Skill      XL: |  1  2  3  4  5  6  7  8  9 |
---------------+----------------------------+-----
Air Magic      | 5 6 7 9 10 11 14 16 | 16.9
Dodging        | |  2.1
Stealth        | |  2.0
Spellcasting   | |  2.0
Conjurations   | |  1.3

Action                   |  1- 3 |  4- 6 |  7- 9 | 10-12 || total
-------------------------+-------+-------+-------+-------++-------
Melee: Unarmed           |       |     5 |    21 |       ||    26
       Peck              |       |     2 |     6 |       ||     8
       Kick              |       |       |     3 |       ||     3
 Cast: Shock             |    47 |    74 |    61 |     2 ||   184
       Airstrike         |       |    28 |   142 |     4 ||   174
 Abil: Fly               |       |     1 |       |       ||     1
  Use: Scroll            |       |       |     4 |       ||     4
       Potion            |       |       |       |     1 ||     1
Armor: Robe              |     3 |     4 |     5 |     1 ||    13
Dodge: Dodged            |    16 |    28 |    50 |     9 ||   103

Table legend: (Time is in decaauts)
 A = Elapsed time spent in this place.
 B = Non-inter-level travel time spent in this place.
 C = Inter-level travel time spent in this place.
 D = Time resting spent in this place.
 E = Time spent auto-exploring this place.
 F = Levels seen in this place.
 G = Mean time per level.
                   A        B        C        D        E       F      G
               +--------+--------+--------+--------+--------+-----+--------+
         Total |  14628 |  14150 |    478 |   1598 |  11378 |   9 | 1625.3 |
       Dungeon |  14338 |  13898 |    440 |   1598 |  11129 |   8 | 1792.2 |
        Temple |    290 |    252 |     38 |      0 |    249 |   1 |  290.0 |
               +--------+--------+--------+--------+--------+-----+--------+

Top non-repeatable levels by time:
     D:7: 3268 daAuts
     D:5: 2662 daAuts
     D:6: 1945 daAuts
     D:4: 1465 daAuts
     D:2: 1441 daAuts
     D:3: 1400 daAuts
     D:1: 1103 daAuts
     D:8: 1050 daAuts
  Temple: 290 daAuts
